[Event "CZE-ch Open 2019"]
[Site "Ostrava"]
[Date "2019.05.02"]
[Round "6.30"]
[White "Bartos, Jan"]
[Black "Vanek, Tomas"]
[Result "1/2-1/2"]
[ECO "A04"]
[WhiteElo "2178"]
[BlackElo "2095"]
[Annotator "NA"]
[PlyCount "61"]
[EventDate "2019.04.27"]
[EventType "swiss"]
[EventCountry "CZE"]
[SourceTitle "playchess.com"]
[Source "ChessBase"]
[SourceQuality "1"]
[TimeControl "40/5400+30:1800+30"]

1. Nf3 f5 2. d3 d6 3. e4 e5 4. Nc3 Nf6 5. exf5 Bxf5 6. d4 e4 7. Nh4 Qd7 8. Bg5 Be7 9. Bxf6 Bxf6 10. Nxf5 Qxf5 11. Be2 Nc6 12. Nb5 O-O 13. O-O Qd7 14. Bg4 Qe7 15. d5 Nd8 16. Nd4 Qe5 17. Ne6 Nxe6 18. Bxe6+ Kh8 19. c3 Bg5 20. Qe2 e3 21. fxe3 Qxe3+ 22. Qxe3 Bxe3+ 23. Kh1 g6 24. g3 Kg7 25. Kg2 Rxf1 26. Rxf1 Rf8 27. Rxf8 Kxf8 28. Kf3 Bc1 29. b3 Bb2 30. c4 Ke7 31. h4 1/2-1/2

[Event "CZE-ch Open 2019"]
[Site "Ostrava"]
[Date "2019.05.02"]
[Round "6.31"]
[White "Havelka, Ondrej"]
[Black "Pavlicek, Lukas"]
[Result "1-0"]
[ECO "D38"]
[WhiteElo "2156"]
[BlackElo "1963"]
[Annotator "NA"]
[PlyCount "53"]
[EventDate "2019.04.27"]
[EventType "swiss"]
[EventCountry "CZE"]
[SourceTitle "playchess.com"]
[Source "ChessBase"]
[SourceQuality "1"]
[TimeControl "40/5400+30:1800+30"]

1. Nf3 Nf6 2. c4 e6 3. Nc3 d5 4. d4 Bb4 5. Bg5 h6 6. Bh4 g5 7. Bg3 Ne4 8. Rc1 c6 9. Nd2 Bxc3 10. bxc3 Nxg3 11. hxg3 Nd7 12. e4 b6 13. Bd3 Bb7 14. O-O Nf6 15. cxd5 cxd5 16. Bb5+ Kf8 17. e5 Nd7 18. f4 a6 19. Bd3 Qe7 20. Qh5 Kg7 21. f5 exf5 22. Rxf5 Raf8 23. Rcf1 Bc8 24. Bc2 b5 25. R1f2 Nb6 26. Rf6 Be6 27. Rg6+ 1-0

[Event "CZE-ch Open 2019"]
[Site "Ostrava"]
[Date "2019.05.02"]
[Round "6.32"]
[White "Holy, Filip"]
[Black "Koubova, Anna Marie"]
[Result "1/2-1/2"]
[ECO "B71"]
[WhiteElo "2096"]
[BlackElo "2005"]
[Annotator "NA"]
[PlyCount "67"]
[EventDate "2019.04.27"]
[EventType "swiss"]
[EventCountry "CZE"]
[SourceTitle "playchess.com"]
[Source "ChessBase"]
[SourceQuality "1"]
[TimeControl "40/5400+30:1800+30"]

1. e4 c5 2. Nf3 d6 3. d4 cxd4 4. Nxd4 Nf6 5. Nc3 g6 6. f4 Bg7 7. e5 dxe5 8. fxe5 Ng4 9. Bb5+ Nc6 10. Nxc6 Qxd1+ 11. Nxd1 a6 12. Ba4 Bd7 13. Ne3 Nxe3 14. Bxe3 Bxc6 15. Bxc6+ bxc6 16. Bf4 Rb8 17. O-O-O Rb4 18. g3 g5 19. Bxg5 Bxe5 20. c3 Rb5 21. Be3 O-O 22. Rd2 Rfb8 23. Rhd1 Kg7 24. Bd4 Bxd4 25. cxd4 Rd8 26. Rc2 Rd6 27. Rc4 Rbd5 28. Re1 e6 29. Re4 Rf5 30. Ra4 c5 31. dxc5 Rxc5+ 32. Rac4 Rcd5 33. Rg4+ Kf6 34. Rgf4+ 1/2-1/2

[Event "CZE-ch Open 2019"]
[Site "Ostrava"]
[Date "2019.05.02"]
[Round "6.33"]
[White "Horak, Jan"]
[Black "Kolar, Stanislav"]
[Result "1/2-1/2"]
[ECO "A45"]
[WhiteElo "2158"]
[BlackElo "2091"]
[Annotator "NA"]
[PlyCount "78"]
[EventDate "2019.04.27"]
[EventType "swiss"]
[EventCountry "CZE"]
[SourceTitle "playchess.com"]
[Source "ChessBase"]
[SourceQuality "1"]
[TimeControl "40/5400+30:1800+30"]

1. d4 Nf6 2. Nc3 d5 3. Bf4 Bf5 4. f3 e6 5. g4 Bg6 6. h4 h5 7. g5 Nfd7 8. a3 Bd6 9. Nh3 a6 10. e3 Nc6 11. Bd3 Bxd3 12. Qxd3 Qe7 13. O-O-O Nb6 14. Bxd6 Qxd6 15. e4 O-O-O 16. e5 Qe7 17. Nf4 g6 18. Ng2 Na5 19. Nb1 Kb8 20. Nd2 Rc8 21. Nb3 Nxb3+ 22. Qxb3 Nc4 23. Ne3 Nxe3 24. Qxe3 c5 25. dxc5 Qxc5 26. Qxc5 Rxc5 27. Rd4 Rhc8 28. c3 b5 29. Rhd1 Kb7 30. Rf4 R8c7 31. Rdd4 Kb6 32. Kd2 a5 33. Rf6 Rc4 34. Rdf4 Rxf4 35. Rxf4 a4 36. Kd3 Kc5 37. Rd4 Rd7 38. Rf4 Kc6 39. Rd4 Kc5 1/2-1/2